 Dungeon Crawl Stone Soup version 0.23.2-1-ga50397a (webtiles) character file.

Game seed: 17269470564065339950

477 grenoire the Chopper (level 6, 0/56 HPs)
             Began as a Minotaur Berserker on May 3, 2019.
             Was a Priest of Trog.
             Shot with an arrow by a centaur (12 damage)
             ... on level 4 of the Dungeon.
             The game lasted 00:10:56 (3369 turns).

grenoire the Chopper (Minotaur Berserker)           Turns: 3369, Time: 00:10:58

Health: 0/56       AC:  6    Str: 24    XL:     6   Next: 85%
Magic:  5/5        EV: 12    Int:  4    God:    Trog [***...]
Gold:   177        SH:  0    Dex:  9    Spells: 5/5 levels left

rFire    . . .     SeeInvis .   a - +0 hand axe
rCold    . . .     Gourm    .   (no shield)
rNeg     . . .     Faith    .   o - +0 ring mail
rPois    .         Spirit   .   (helmet restricted)
rElec    .         Reflect  .   (no cloak)
rCorr    +         Harm     .   (no gloves)
MR       .....                  (no boots)
Stlth    +.........             (no amulet)
HPRegen  0.18/turn              b - ring of resist corrosion
MPRegen  0.09/turn              (no ring)

@: no status effects
A: retaliatory headbutt, horns 2
a: Berserk, Trog's Hand, Renounce Religion


You were on level 4 of the Dungeon.
You worshipped Trog.
Trog was most pleased with you.
You were not hungry.

You visited 1 branch of the dungeon, and saw 4 of its levels.

You collected 177 gold pieces.

Inventory:

Hand Weapons
 a - a +0 hand axe (weapon)
Armour
 o - a +0 ring mail (worn)
Jewellery
 b - a ring of resist corrosion (left hand)
Wands
 i - a wand of paralysis (9)
Scrolls
 d - a scroll of magic mapping {unknown}
 g - 3 scrolls of teleportation {unknown}
 h - 2 scrolls of identify {unknown}
 j - a scroll of random uselessness {unknown}
 m - a scroll of enchant armour {unknown}
 n - 2 scrolls of remove curse
Potions
 e - 2 potions of agility {unknown}
 f - 4 potions of curing {unknown}
 k - a potion of might {unknown}
 l - a potion of invisibility {unknown}
 q - a potion of flight {unknown}
Comestibles
 c - 4 rations


   Skills:
 + Level 5.1 Fighting
 + Level 6.0 Axes
 + Level 4.8 Armour
 + Level 3.3 Dodging
 + Level 2.2 Stealth


You had 5 spell levels left.
You didn't know any spells.
Your spell library was empty.

Dungeon Overview and Level Annotations

Branches:
Dungeon (3/15)             Temple (0/1) D:4

Altars:
Fedhas
Trog
Zin


Innate Abilities, Weirdness & Mutations

You reflexively headbutt those who attack you in melee.
You have a pair of horns on your head.


Message History

A centaur is nearby!
A centaur is nearby!
A centaur is nearby!
A centaur is nearby!
A centaur is nearby!
There are no items here.
The centaur wields a +1 shortbow of freezing.
It is covered in frost.
The centaur shoots an arrow.
The arrow hits you. The arrow freezes you.
You see here an arrow.
The centaur shoots an arrow.
The arrow hits you. The arrow freezes you.
* * * LOW HITPOINT WARNING * * *
The centaur shoots an arrow.
The arrow hits you but does no damage.
The centaur shoots an arrow.
The arrow hits you.
* * * LOW HITPOINT WARNING * * *
The arrow freezes you.
* * * LOW HITPOINT WARNING * * *
You see here an arrow.
The centaur shoots an arrow.
The arrow hits you!
You die...

## #.PPPP(.....#..)##
...####.##..PP.(c..(.#..)).
.....#........(...(###....
...........#(.....(.##...
...##....(..........#... ...
#.......................
...##.....#.(.....(..(#..... ..
#........#..........##..... #..
#........@................
....##>#.#.....................
.......#.##...............#....
..........[............#.##...#
..........................#...#
............##...........#.....
....................##........#
#.............>......#.......##
###.................#......##


You could see a centaur.

Vanquished Creatures
  Sigmund (D:4)
  A sky beast (D:4)
  An orc priest (D:4)
  A worker ant (D:4)
  4 gnolls (D:4)
  4 adders
  An ooze (D:1)
  2 adder skeletons (D:4)
  3 worms
  2 dart slugs (D:2)
  9 orcs
  5 giant cockroaches
  7 goblins
  8 hobgoblins
  3 jackals (D:2)
  7 bats
  5 frilled lizards
  11 kobolds
  2 leopard gecko skeletons (D:4)
  8 rats
85 creatures vanquished.

Notes
Turn   | Place    | Note
-------+----------+-------------------------------------------
     0 | D:1      | grenoire the Minotaur Berserker began the quest for the
                  | Orb.
     0 | D:1      | Reached XP level 1. HP: 19/19 MP: 0/0
   226 | D:1      | Reached skill level 4 in Axes
   226 | D:1      | Reached XP level 2. HP: 22/27 MP: 1/1
   484 | D:1      | Reached XP level 3. HP: 25/33 MP: 2/2
   874 | D:2      | Reached ** piety under Trog
   921 | D:2      | Found a faded altar of an unknown god.
  1614 | D:2      | Reached XP level 4. HP: 37/41 MP: 3/3
  1973 | D:2      | Found a glowing silver altar of Zin.
  2194 | D:3      | Reached skill level 5 in Axes
  2500 | D:3      | Noticed a moth of wrath
  2513 | D:3      | Found a bloodstained altar of Trog.
  2677 | D:3      | You fall through a shaft!
  2677 | D:4      | Noticed Sigmund
  2686 | D:4      | Reached XP level 5. HP: 43/47 MP: 4/4
  2691 | D:4      | Found a staircase to the Ecumenical Temple.
  2701 | D:4      | Killed Sigmund
  2701 | D:4      | Reached skill level 1 in Stealth
  2701 | D:4      | Reached XP level 6. HP: 54/55 MP: 5/5
  2727 | D:4      | Reached *** piety under Trog
  2772 | D:4      | Reached skill level 5 in Fighting
  2921 | D:4      | Noticed a sky beast
  2937 | D:4      | Killed a sky beast
  2937 | D:4      | Reached skill level 6 in Axes
  3232 | D:4      | Found a blossoming altar of Fedhas.
  3369 | D:4      | Shot with an arrow by a centaur

Skill      XL: |  1  2  3  4  5  6 |
---------------+-------------------+-----
Axes           | 4 5 6 |  6.0
Fighting       | 4 5 |  5.1
Armour         | 3 4 |  4.8
Dodging        | 3 |  3.3
Stealth        | 1 2 |  2.2

Action                   |  1- 3 |  4- 6 || total
-------------------------+-------+-------++-------
Melee: Hand axe          |    86 |   110 ||   196
       Headbutt          |    10 |    24 ||    34
Invok: Berserk           |       |     2 ||     2
Evoke: Wand              |       |     1 ||     1
  Use: Scroll            |     3 |       ||     3
 Stab: Paralysed         |       |     8 ||     8
       Distracted        |       |     1 ||     1
  Eat: Ration            |     1 |     1 ||     2
       Chunk             |       |     4 ||     4
Armor: Leather armour    |    28 |     5 ||    33
       Ring mail         |       |    36 ||    36
Dodge: Dodged            |    65 |    70 ||   135
